 Dungeon Crawl Stone Soup version 0.22-a0-353-g2d6336e (webtiles) character file.

17277 Amnesiac the Cruncher (level 12, -1/77 HPs)
             Began as a Mummy Earth Elementalist on Apr 15, 2018.
             Was an Initiate of Gozag.
             Slain by a wyvern (7 damage)
             ... on level 11 of the Dungeon.
             The game lasted 00:28:31 (14589 turns).

Amnesiac the Cruncher (Mummy Earth Elementalist)   Turns: 14589, Time: 00:28:32

Health: -1/77      AC: 10    Str: 11    XL:     12   Next: 17%
Magic:  0/26       EV:  8    Int: 19    God:    Gozag
Gold:   3143       SH:  0    Dex: 13    Spells: 19/31 levels left

rFire    + . .     SeeInvis .   o - +8 whip "Snakebite" {curare, rPois}
rCold    . . .     Gourm    .   (no shield)
rNeg     + + +     Faith    .   x - +0 fire dragon scales
rPois    ∞         Spirit   +   (no helmet)
rElec    .         Reflect  .   p - +0 cloak
rCorr    .         Harm     .   (no gloves)
MR       +....                  d - +0 pair of boots
Stlth    ..........             z - amulet of guardian spirit
HPRegen  0.22/turn              (no ring)
MPRegen  0.20/turn              (no ring)

@: gold aura, very slightly contaminated
A: no food or potions, fire vulnerability, cold resistance 1, negative energy
resistance 3, torment resistance, unbreathing
a: Potion Petition, Call Merchant, Bribe Branch, Renounce Religion


You were on level 11 of the Dungeon.
You worshipped Gozag.
Gozag was most pleased with you.
You were not hungry.

You visited 2 branches of the dungeon, and saw 12 of its levels.
You also visited: Ossuary.

You collected 3185 gold pieces.
You paid 42 gold pieces to Gozag.

Inventory:

Hand Weapons
 a - a +3 rapier of electrocution
 n - a +0 dagger of venom
 o - the +8 whip "Snakebite" (weapon) {curare, rPois}
   (You found it on level 4 of the Dungeon)

   It poisons the flesh of those it strikes.
   It protects you from poison.
 B - a +0 quarterstaff
 E - a +1 demon blade of pain
Missiles
 b - 188 stones (quivered)
 m - 91 sling bullets
Armour
 d - a +0 pair of boots (worn)
 p - a +0 cloak (worn)
 r - +0 pearl dragon scales
 x - +0 fire dragon scales (worn)
Jewellery
 q - an uncursed amulet of regeneration
 y - an uncursed ring of ice
 z - an amulet of guardian spirit (around neck)
Wands
 t - a wand of polymorph (7)
 u - a wand of acid (2)
 v - a wand of iceblast (9)
 w - a wand of random effects (42)
 A - a wand of paralysis (17)
 D - a wand of scattershot (7)
Scrolls
 c - 9 scrolls of remove curse {!r}
 e - 2 scrolls of acquirement {!r, unknown}
 f - 2 scrolls of vulnerability {!r, unknown}
 g - 3 scrolls of amnesia {!r}
 h - 8 scrolls of identify {!r}
 i - 2 scrolls of enchant weapon {!r}
 j - a scroll of fear {!r}
 k - 2 scrolls of enchant armour {!r}
 l - a scroll of magic mapping {!r}
 s - 2 scrolls of teleportation {!r}
 F - a scroll of immolation {!r, unknown}


   Skills:
 - Level 1.5 Fighting
 + Level 11.3 Staves
 - Level 2.7 Dodging
 - Level 1.5 Stealth
 - Level 10.3 Spellcasting
 - Level 0.7 Transmutations
 - Level 10.3 Earth Magic


You had 19 spell levels left.
You knew the following spells:

 Your Spells              Type           Power        Failure   Level  Hunger
a - Sandblast             Erth           #####.       1%          1    N/A
b - Passwall              Tmut/Erth      ####......   11%         2    N/A
d - Lee's Rapid Deconstr  Erth           #####.....   26%         5    N/A
e - Petrify               Tmut/Erth      ####....     56%         4    N/A

Dungeon Overview and Level Annotations

Branches:
Dungeon (11/15)            Temple (1/1) D:4             Orc (0/2) D:9
   Lair: D:8-11

Altars:
Ashenzari
Cheibriados
Dithmenos
Elyvilon
Fedhas
Gozag
Hepliaklqana
Kikubaaqudgha
Makhleb
Nemelex Xobeh
Okawaru
Qazlal
Ru
Sif Muna
Trog
Uskayaw
Vehumet
Wu Jian
Xom
Yredelemnul
Zin
The Shining One

Shops:
D:4 (


Innate Abilities, Weirdness & Mutations

You do not eat or drink.
Your flesh is vulnerable to fire.
You are immune to poison.
Your flesh is cold resistant. (rC+)
You are immune to negative energy. (rN+++)
You are immune to unholy pain and torment.
You can survive without breathing.


Message History

The yak gores you!
* * * LOW HITPOINT WARNING * * *
You hit the yak.
The yak looks as sick as possible!
The yak is severely wounded.
You see here 20 gold pieces.
Casting: Lee's Rapid Deconstruction (quite dangerous; 26% risk of failure)
Confirm with . or Enter, or press ? or * to list all spells.
Aiming: Lee's Rapid Deconstruction (quite dangerous; 26% risk of failure)
Press: ? - help, Dir - move target cursor The wall shatters!
The blast of rock fragments hits the yak.
You kill the yak!
The blast of rock fragments hits the wight.
The wight is lightly damaged.
The blast of rock fragments hits the wight.
The wight is lightly damaged.
You hear a shout!
Unknown command.
Casting: Lee's Rapid Deconstruction (quite dangerous; 26% risk of failure)
Confirm with . or Enter, or press ? or * to list all spells.
Aiming: Lee's Rapid Deconstruction (quite dangerous; 26% risk of failure)
Press: ? - help, Dir - move target cursor You miscast Lee's Rapid Deconstruction.
You are very lightly contaminated with residual magic.
The floor shifts beneath you alarmingly!
Unknown command.
Casting: Lee's Rapid Deconstruction (quite dangerous; 26% risk of failure)
Confirm with . or Enter, or press ? or * to list all spells.
You don't have enough magic to cast that spell.
You hit the wight.
The wight is moderately damaged.
The wight hits you but does no damage.
You hit the wight.
The wight is heavily damaged.
You hit the wight.
The wight is severely damaged.
The wight hits you with a great sword!
* * * LOW HITPOINT WARNING * * *
You hit the wight.
The wight is almost destroyed.
You whack the wight!
You destroy the wight!
A wyvern comes into view.
Casting: Lee's Rapid Deconstruction (quite dangerous; 26% risk of failure)
Confirm with . or Enter, or press ? or * to list all spells.
Aiming: Sandblast (safe; 1% risk of failure)
Press: ? - help, Shift-Dir - straight line, f - wight
Aim: a wight, wielding an enchanted long sword and wearing a robe (lightly damaged)
The blast of sand hits the wight.
You destroy the wight!
b - 188 stones The wyvern hisses angrily.
Unknown command.
You whack the wyvern!
The wyvern looks as sick as possible!
The wyvern is moderately wounded.
The wyvern bites you!
* * * LOW HITPOINT WARNING * * *
The wight hits you but does no damage.
Okay, then.
The wyvern bites you but does no damage.
Okay, then.
The wyvern bites you!
You die...
Your body crumbles into a pile of gold.

### ## #.##<## ..#
#..t... #.# #.##.#Y #
#.###### # #.#. ###.
#....... #... .....
#....# ###.
......###....# #####Y
.......@l....# #.....
......###z#### #....z
....$. #.# #.....
......###.###########...
...$........$..$..# #z##
...##...#.#######.##..##
...'....$$$$.....$$z$>##
..##..)#.###..$#$###.##
$ #...#.# #.........##


You could see a wyvern and a wight.

Vanquished Creatures
  2 two-headed ogres
  A queen ant (D:10)
  An unseen horror (D:10)
  Pikel (D:6)
  2 centaur skeletons
  A gargoyle (D:11)
  A komodo dragon (D:10)
  A queen bee (D:9)
  Prince Ribbit (D:7)
  2 hippogriffs
  Sigmund (D:6)
  2 shadows
  2 wyverns
  18 yaks
  Eustachio (D:4)
  A human (D:7)
  Grum (D:9)
  A hungry ghost (D:10)
  3 hogs (D:7)
  2 steam dragons (D:5)
  Menkaure (D:5)
  7 soldier ants (D:10)
  Duvessa (D:4)
  A hornet zombie (D:8)
  3 ice beasts
  3 sky beasts
  3 orc warriors (D:9)
  A slave (D:6)
  2 black bears
  2 eyes of draining
  2 ogres
  3 phantoms
  2 wolves (D:9)
  6 centaurs
  3 elf zombies (Ossuary)
  6 bullfrogs
  Dowan (D:4)
  3 scorpions
  35 killer bees
  2 wights (D:11)
  A howler monkey (D:9)
  3 crimson imps
  A bullfrog zombie (D:10)
  A quasit (D:11)
  A human zombie (Ossuary)
  4 hounds
  2 jellies
  A bullfrog skeleton (D:9)
  A gnoll shaman (D:7)
  7 orc priests
  Crazy Yiuf (D:4)
  18 orc wizards
  4 iguanas
  Ijyb (D:4)
  32 worker ants
  A hound skeleton (D:10)
  4 mummies (Ossuary)
  A worker ant zombie (D:10)
  A howler monkey skeleton (D:9)
  9 gnolls
  6 adders
  2 shadow imps
  An ooze (D:2)
  2 adder zombies
  2 adder skeletons
  6 worms
  6 leopard geckos
  54 orcs
  4 giant cockroaches
  A gnoll zombie (Ossuary)
  5 goblins
  6 hobgoblins
  19 jackals
  4 quokkas
  3 ball pythons
  9 bats
  4 frilled lizards
  A goblin zombie (Ossuary)
  A hobgoblin zombie (Ossuary)
  A jackal skeleton (D:7)
  2 jackal zombies
  7 kobolds
  3 kobold zombies (Ossuary)
  A leopard gecko skeleton (D:6)
  A leopard gecko zombie (D:7)
  A quokka zombie (D:9)
  10 rats
  A fungus (D:4)
389 creatures vanquished.

Vanquished Creatures (others)
  An adder (D:6)
1 creature vanquished.

Grand Total: 390 creatures vanquished

Notes
Turn   | Place    | Note
-------+----------+-------------------------------------------
     0 | D:1      | Amnesiac the Mummy Earth Elementalist began the quest for the Orb.
     0 | D:1      | Reached XP level 1. HP: 13/13 MP: 4/4
     6 | D:1      | Noticed an electric eel
   518 | D:1      | Reached XP level 2. HP: 17/20 MP: 0/5
   894 | D:2      | Reached skill level 1 in Fighting
   958 | D:2      | Reached XP level 3. HP: 26/26 MP: 0/7
  1235 | D:2      | Noticed a black bear
  1530 | D:4      | Found a staircase to the Ecumenical Temple.
  1534 | Temple   | Entered the Ecumenical Temple
  1689 | Temple   | Became a worshipper of Gozag Ym Sagoz the Greedy
  1741 | D:4      | Found a blossoming altar of Fedhas.
  1741 | D:4      | Found a shimmering altar of Xom.
  2045 | D:2      | Reached XP level 4. HP: 11/32 MP: 8/8
  2220 | D:2      | HP: 1/32 [black bear (5)]
  2224 | D:2      | Killed a black bear
  2224 | D:2      | Reached XP level 5. HP: 19/37 MP: 1/10
  2417 | D:3      | Found a white marble altar of Elyvilon.
  2768 | D:3      | Found a deep blue altar of Sif Muna.
  2813 | D:3      | Reached XP level 6. HP: 13/43 MP: 6/12
  3086 | D:3      | Learned a level 5 spell: Lee's Rapid Deconstruction
  3195 | D:3      | Learned a level 2 spell: Passwall
  3200 | D:3      | Identified Sif Muna's Disquisition on Dislocation
  3207 | D:3      | Learned a level 4 spell: Petrify
  3516 | D:4      | Noticed Ijyb
  3958 | D:4      | Killed Ijyb
  4056 | D:4      | Noticed Duvessa
  4069 | D:4      | Noticed Dowan
  4103 | D:4      | Killed Duvessa
  4358 | D:4      | Killed Dowan
  4358 | D:4      | Reached skill level 5 in Spellcasting
  4358 | D:4      | Reached skill level 5 in Earth Magic
  4470 | D:4      | Found an iron altar of Okawaru.
  4477 | D:4      | Reached XP level 7. HP: 48/48 MP: 4/14
  4845 | D:4      | Found Qotierch's Antique Weapon Shoppe.
  4872 | D:4      | Noticed Eustachio
  4921 | D:4      | Found Gozag's Platinum Reserve.
  5011 | D:4      | Killed Eustachio
  5044 | D:4      | Found an opulent altar of Gozag.
  5164 | D:4      | Found a runed door.
  5168 | D:4      | Noticed Crazy Yiuf
  5169 | D:4      | Found the +8 whip "Snakebite" {curare, rPois}
  5184 | D:4      | Killed Crazy Yiuf
  5265 | D:5      | Entered Level 5 of the Dungeon
  5378 | D:5      | Found a sand-covered staircase.
  5392 | Ossuary  | Entered an ossuary
  5716 | D:5      | Noticed Menkaure
  5724 | D:5      | Killed Menkaure
  5724 | D:5      | Reached XP level 8. HP: 48/54 MP: 10/17
  5871 | D:6      | Noticed Sigmund
  5876 | D:6      | Killed Sigmund
  6417 | D:6      | Reached XP level 9. HP: 59/59 MP: 18/21
  6474 | D:6      | Noticed Pikel
  6490 | D:6      | Killed Pikel
  6649 | D:5      | Found a sacrificial altar of Ru.
  6929 | D:7      | Found a burning altar of Makhleb.
  7242 | D:7      | Noticed Prince Ribbit
  7249 | D:7      | Killed Prince Ribbit
  7315 | D:7      | Reached skill level 10 in Earth Magic
  7315 | D:7      | Reached XP level 10. HP: 55/66 MP: 0/23
  7320 | D:7      | Reached skill level 10 in Spellcasting
  7461 | D:7      | Found a sparkling altar of Nemelex Xobeh.
  8277 | D:8      | Noticed a two-headed ogre
  8384 | D:8      | Reached skill level 1 in Staves
  8644 | D:8      | Reached skill level 2 in Staves
  9146 | D:8      | Killed a two-headed ogre
  9146 | D:8      | Reached skill level 4 in Staves
  9309 | D:9      | Found a staircase to the Orcish Mines.
  9357 | D:9      | Reached skill level 5 in Staves
  9420 | D:9      | Noticed Grum
  9464 | D:9      | Killed Grum
  9873 | D:9      | Reached skill level 6 in Staves
 10015 | D:9      | Found a shadowy altar of Dithmenos.
 10060 | D:9      | Noticed a two-headed ogre
 10634 | D:10     | Entered Level 10 of the Dungeon
 10704 | D:9      | Reached XP level 11. HP: 50/71 MP: 17/25
 10970 | D:9      | Reached skill level 7 in Staves
 11452 | D:9      | Killed a two-headed ogre
 11553 | D:9      | Reached skill level 8 in Staves
 12348 | D:10     | HP: 2/71 [killer bee (3)]
 12928 | D:10     | Reached skill level 9 in Staves
 12950 | D:10     | Killed an unseen horror
 13438 | D:10     | Reached skill level 10 in Staves
 13718 | D:10     | Noticed a queen ant
 13757 | D:10     | Killed a queen ant
 14307 | D:11     | Reached XP level 12. HP: 46/77 MP: 17/26
 14343 | D:11     | Reached skill level 11 in Staves
 14589 | D:11     | Slain by a wyvern

Vault maps used:
D:1:      arrival_aquarium_a
D:2:      first_ration, grunt_ministairs_13
D:3:      led_sif_book, elyvilon_altar_5
D:4:      gammafunk_temple_overflow_pools, okawaru_altar_gauntlet_db,
          minmay_temple_entry_grid, serial_shops, nicolae_shop_statue_plus,
          nicolae_gozag_zags_fifth_avenue, uniq_eustachio,
          uniq_crazy_yiuf_cottage, uniq_ijyb, uniq_duvessa
D:5:      kennysheep_steamy, nicolae_ossuary_entry_monument,
          nicolae_ru_great_annihilating_truth, uniq_menkaure
D:6:      nicolae_water_bricks, kennysheep_generic_room_8, uniq_sigmund,
          uniq_pikel
D:7:      makhleb_heckhound_becter, kennysheep_mini_moat, grunt_livestock,
          uniq_prince_ribbit1
D:9:      lemuel_crystal_altar, hiddenorc2_lemuel, special_room, uniq_grum
D:10:     zaba_antful_of_joy
D:11:     lair_entry_dummy, basic_altar, serial_shops, shop
Temple:   eino_narrow_crystal_temple
Ossuary:  ossuary_minmay_tomb_2a

Skill      XL: |  1  2  3  4  5  6  7  8  9 10 11 12 |
---------------+-------------------------------------+-----
Dodging        | 2 |  2.7
Fighting       | 1 |  1.5
Spellcasting   | 3 4 5 6 8 9 10 | 10.3
Earth Magic    | 3 4 5 6 8 10 | 10.3
Staves         | 6 10 11 | 11.3
Stealth        | |  1.5
Transmutations | |  0.7

Action                   |  1- 3 |  4- 6 |  7- 9 | 10-12 || total
-------------------------+-------+-------+-------+-------++-------
Melee: Dagger            |   106 |   122 |       |       ||   228
       Unarmed           |     2 |       |       |       ||     2
       Rapier            |       |       |    83 |     6 ||    89
       Whip              |       |       |     1 |   663 ||   664
       Demon blade       |       |       |       |     2 ||     2
 Cast: Sandblast         |    36 |    54 |   174 |    22 ||   286
       Passwall          |       |     3 |     2 |       ||     5
       Petrify           |       |     2 |       |       ||     2
       Lee's Rapid Decon |       |     1 |     1 |    21 ||    23
Invok: Potion Petition   |       |     1 |       |       ||     1
Evoke: Wand              |       |       |       |     2 ||     2
  Use: Scroll            |       |       |     1 |    13 ||    14
 Stab: Sleeping          |     1 |     1 |       |       ||     2
       Petrified         |       |    16 |       |       ||    16
       Distracted        |       |       |     1 |     4 ||     5
Armor: Robe              |    11 |       |       |       ||    11
       Ring mail         |    61 |    48 |     1 |       ||   110
       Pearl dragon scal |       |       |    97 |       ||    97
       Fire dragon scale |       |       |     2 |   304 ||   306
Dodge: Dodged            |   130 |    77 |    70 |   283 ||   560

Table legend:
 A = Spawn XP
 B = Non-spawn XP
 C = Spawn XP percentage of total XP
 D = Spawn monster count
 E = Non-spawn monster count
 F = Spawn count percentage of total count
 G = Total turns spent on level
                    A         B        C        D         E        F      G
               +---------+---------+-------+---------+---------+-------+---------
         Total |       0 |   24682 |   0.0 |       0 |     387 |   0.0 | 14589
               +---------+---------+-------+---------+---------+-------+---------
           D:1 |       0 |      29 |   0.0 |       0 |      19 |   0.0 |   914
           D:2 |       0 |     208 |   0.0 |       0 |      31 |   0.0 |  1182
           D:3 |       0 |     181 |   0.0 |       0 |      21 |   0.0 |  1872
           D:4 |       0 |     565 |   0.0 |       0 |      17 |   0.0 |  1280
           D:5 |       0 |     582 |   0.0 |       0 |       8 |   0.0 |   557
           D:6 |       0 |    1887 |   0.0 |       0 |      28 |   0.0 |   847
           D:7 |       0 |    2068 |   0.0 |       0 |      30 |   0.0 |   796
           D:8 |       0 |    2413 |   0.0 |       0 |      22 |   0.0 |  1813
           D:9 |       0 |    6021 |   0.0 |       0 |      96 |   0.0 |  2622
          D:10 |       0 |    6794 |   0.0 |       0 |      77 |   0.0 |  1889
          D:11 |       0 |    3507 |   0.0 |       0 |      21 |   0.0 |   378
        Temple |       0 |       1 |   0.0 |       0 |       1 |   0.0 |   166
       Ossuary |       0 |     426 |   0.0 |       0 |      16 |   0.0 |   273
               +---------+---------+-------+---------+---------+-------+---------
